Workbook

Sheet How to use
B1: Business Plan Financial Inputs
B2: A free financial-inputs sheet for business plan writers: organize revenue, cost, and growth assumptions with source notes in Sheets or Excel.
B4: Quick start
A5: 1 | B5: Open the Revenue drivers tab and replace the sample rows with your own — one row per entry. Formulas fill in automatically for new rows.
A6: 2 | B6: Write down every assumption here with a source or reason; the plan's projections should pull from this sheet only.
A7: 3 | B7: Assumptions are estimates; show a conservative case to lenders and investors.
A8: 4 | B8: Keep a backup copy before restructuring columns; renaming a header is safe, deleting a column used in formulas is not.
B10: Colour key
B11: Yellow cells: type your numbers here.
B12: Grey cells: calculated automatically. Leave them alone.
B13: Red highlight: overdue or below a limit. Needs attention.
B14: Amber highlight: getting close. Check soon.
B16: Sample rows are examples. Overwrite or delete them. Formulas extend to new rows automatically. Works in Excel and Google Sheets (File → Import).

Sheet Revenue drivers
A1: Product / service | B1: Price | C1: Units month 1 | D1: Units added per month | E1: Direct cost per unit | F1: Month 1 revenue | G1: Month 12 units | H1: Month 12 revenue | I1: Month 1 gross profit | J1: Gross margin
A2: Core subscription | B2: 49 | C2: 120 | D2: 10 | E2: 9 | F2: =IF($A2="","",(B2*C2)) -> 5880 | G2: =IF($A2="","",(C2+(D2*11))) -> 230 | H2: =IF($A2="","",(B2*G2)) -> 11270 | I2: =IF($A2="","",((B2-E2)*C2)) -> 4800 | J2: =IF($A2="","",IFERROR(((B2-E2)/B2),0)) -> 0.81632653
A3: Setup service | B3: 300 | C3: 15 | D3: 2 | E3: 120 | F3: =IF($A3="","",(B3*C3)) -> 4500 | G3: =IF($A3="","",(C3+(D3*11))) -> 37 | H3: =IF($A3="","",(B3*G3)) -> 11100 | I3: =IF($A3="","",((B3-E3)*C3)) -> 2700 | J3: =IF($A3="","",IFERROR(((B3-E3)/B3),0)) -> 0.6
A4: Premium add-on | B4: 19 | C4: 30 | D4: 4 | E4: 2 | F4: =IF($A4="","",(B4*C4)) -> 570 | G4: =IF($A4="","",(C4+(D4*11))) -> 74 | H4: =IF($A4="","",(B4*G4)) -> 1406 | I4: =IF($A4="","",((B4-E4)*C4)) -> 510 | J4: =IF($A4="","",IFERROR(((B4-E4)/B4),0)) -> 0.89473684
F5: =IF($A5="","",(B5*C5)) | G5: =IF($A5="","",(C5+(D5*11))) | H5: =IF($A5="","",(B5*G5)) | I5: =IF($A5="","",((B5-E5)*C5)) | J5: =IF($A5="","",IFERROR(((B5-E5)/B5),0))
F6: =IF($A6="","",(B6*C6)) | G6: =IF($A6="","",(C6+(D6*11))) | H6: =IF($A6="","",(B6*G6)) | I6: =IF($A6="","",((B6-E6)*C6)) | J6: =IF($A6="","",IFERROR(((B6-E6)/B6),0))
F7: =IF($A7="","",(B7*C7)) | G7: =IF($A7="","",(C7+(D7*11))) | H7: =IF($A7="","",(B7*G7)) | I7: =IF($A7="","",((B7-E7)*C7)) | J7: =IF($A7="","",IFERROR(((B7-E7)/B7),0))
F8: =IF($A8="","",(B8*C8)) | G8: =IF($A8="","",(C8+(D8*11))) | H8: =IF($A8="","",(B8*G8)) | I8: =IF($A8="","",((B8-E8)*C8)) | J8: =IF($A8="","",IFERROR(((B8-E8)/B8),0))
F9: =IF($A9="","",(B9*C9)) | G9: =IF($A9="","",(C9+(D9*11))) | H9: =IF($A9="","",(B9*G9)) | I9: =IF($A9="","",((B9-E9)*C9)) | J9: =IF($A9="","",IFERROR(((B9-E9)/B9),0))
F10: =IF($A10="","",(B10*C10)) | G10: =IF($A10="","",(C10+(D10*11))) | H10: =IF($A10="","",(B10*G10)) | I10: =IF($A10="","",((B10-E10)*C10)) | J10: =IF($A10="","",IFERROR(((B10-E10)/B10),0))
F11: =IF($A11="","",(B11*C11)) | G11: =IF($A11="","",(C11+(D11*11))) | H11: =IF($A11="","",(B11*G11)) | I11: =IF($A11="","",((B11-E11)*C11)) | J11: =IF($A11="","",IFERROR(((B11-E11)/B11),0))
F12: =IF($A12="","",(B12*C12)) | G12: =IF($A12="","",(C12+(D12*11))) | H12: =IF($A12="","",(B12*G12)) | I12: =IF($A12="","",((B12-E12)*C12)) | J12: =IF($A12="","",IFERROR(((B12-E12)/B12),0))
F13: =IF($A13="","",(B13*C13)) | G13: =IF($A13="","",(C13+(D13*11))) | H13: =IF($A13="","",(B13*G13)) | I13: =IF($A13="","",((B13-E13)*C13)) | J13: =IF($A13="","",IFERROR(((B13-E13)/B13),0))
F14: =IF($A14="","",(B14*C14)) | G14: =IF($A14="","",(C14+(D14*11))) | H14: =IF($A14="","",(B14*G14)) | I14: =IF($A14="","",((B14-E14)*C14)) | J14: =IF($A14="","",IFERROR(((B14-E14)/B14),0))
F15: =IF($A15="","",(B15*C15)) | G15: =IF($A15="","",(C15+(D15*11))) | H15: =IF($A15="","",(B15*G15)) | I15: =IF($A15="","",((B15-E15)*C15)) | J15: =IF($A15="","",IFERROR(((B15-E15)/B15),0))
F16: =IF($A16="","",(B16*C16)) | G16: =IF($A16="","",(C16+(D16*11))) | H16: =IF($A16="","",(B16*G16)) | I16: =IF($A16="","",((B16-E16)*C16)) | J16: =IF($A16="","",IFERROR(((B16-E16)/B16),0))
... F201: =IF($A201="","",(B201*C201)) | G201: =IF($A201="","",(C201+(D201*11))) | H201: =IF($A201="","",(B201*G201)) | I201: =IF($A201="","",((B201-E201)*C201)) | J201: =IF($A201="","",IFERROR(((B201-E201)/B201),0))

Sheet Assumptions
A1: Item | B1: Value | C1: Notes
A2: Business
A3: Business | B3: Example SaaS for salons
A4: Starting cash | B4: 150000
A5: Fixed costs
A6: Rent per month | B6: 2500
A7: Payroll per month | B7: 18000
A8: Software and tools | B8: 900
A9: Marketing per month | B9: 4000
A10: Totals
A11: Fixed costs per month | B11: =((('Assumptions'!$B$6+'Assumptions'!$B$7)+'Assumptions'!$B$8)+'Assumptions'!$B$9) -> 25400
A12: Month 1 revenue | B12: =SUM('Revenue drivers'!$F$2:$F$201) -> 10950
A13: Month 12 revenue | B13: =SUM('Revenue drivers'!$H$2:$H$201) -> 23776
A14: Month 1 gross profit | B14: =SUM('Revenue drivers'!$I$2:$I$201) -> 8010
A15: Month 1 net burn | B15: =('Assumptions'!$B$11-'Assumptions'!$B$14) -> 17390 | C15: Positive means losing cash.
A16: Months of cash at month-1 burn | B16: =IF(('Assumptions'!$B$15<=0),999,ROUND(('Assumptions'!$B$4/'Assumptions'!$B$15),1)) -> 8.6
